 Dungeon Crawl Stone Soup version 0.29.0-4-gdea44cf6ec (webtiles) character file.

Game seed: 7147134704330003687

198 qw the Chopper (level 5, -3/45 HPs)
             Began as a Minotaur Fighter on Sept 4, 2022.
             Was an Initiate of Ru.
             Slain by Sigmund
             ... wielding a +1 antimagic scythe
              (4 damage)
             ... on level 5 of the Dungeon.
             The game lasted 00:01:17 (3595 turns).

qw the Chopper (Minotaur Fighter)                   Turns: 3595, Time: 00:01:17

Health: -3/45      AC: 10    Str: 22    XL:     5   Next: 47%
Magic:  1/4        EV:  4    Int:  5    God:    Ru [......]
Gold:   255        SH:  0    Dex: 10    Spells: 4/4 levels left

rFire   . . .      SeeInvis .   Y - +2 war axe
rCold   . . .      Faith    .   f - +0 tower shield
rNeg    + . .      Spirit   .   a - +0 chain mail
rPois   +          Reflect  +   (helmet restricted)
rElec   .          Harm     .   (no cloak)
rCorr   .          Rampage  .   (no gloves)
Will    .....                   s - +0 pair of boots
Stlth   ..........              k - amulet of reflection
HPRegen 0.15/turn               l - ring of poison resistance
MPRegen 0.09/turn               q - ring of positive energy

@: confused
A: horns 2, retaliatory headbutt
a: Renounce Religion


You were on level 5 of the Dungeon.
You worshipped Ru.
Ru was noncommittal.
You visited 1 branch of the dungeon, and saw 5 of its levels.

You collected 255 gold pieces.


Innate Abilities, Weirdness & Mutations

You have a pair of horns on your head.
You reflexively headbutt those who attack you in melee.


   Skills:
 - Level 3.6 Fighting
 - Level 6.1 Axes
 - Level 3.6 Armour
 - Level 1.0 Dodging
 + Level 4.7 Shields


You had 4 spell levels left.
You didn't know any spells.
Your spell library was empty.

Inventory:

Hand Weapons
 p - a +0 flail
 Y - a +2 war axe (weapon)
Armour
 a - a +0 chain mail (worn)
 f - a +0 tower shield (worn)
 s - a +0 pair of boots (worn)
Jewellery
 k - an amulet of reflection (around neck)
 l - a ring of poison resistance (left hand)
 q - a ring of positive energy (right hand)
Scrolls
 o - a scroll of identify
Potions
 b - 2 potions of flight {unknown}
 d - 3 potions of might
 g - a potion of mutation

Dungeon Overview and Level Annotations

Branches:
Dungeon (5/15)
 Temple: D:4-7

Altars:
Ashenzari
Gozag
Ru

Annotations:
D:3 3 runed translucent doors, qw's ghost, amateur OgEn; qw's ghost, amateur TrCA; qw's ghost, weakling BaCK
D:5 Sigmund


Message History

3585 ||| DRINKING potion of heal wounds.
You feel much better.
You closely miss Sigmund.
Sigmund is heavily wounded.
You block Sigmund's attack.
You slash Sigmund!
Sigmund is almost dead.
You block Sigmund's attack. Sigmund hits you but does no damage.
You barely miss Sigmund.
Sigmund is almost dead.
Sigmund mumbles some strange words.
Sigmund flickers and vanishes!
Deactivating autopickup; reactivate with Ctrl-A.
You miss something. Something hits you.
You closely miss something.
You hear some strange, mumbled words.
You are confused.
You're too confused to attack without stumbling around!
There is a strange disturbance nearby!
You hear some strange, mumbled words.
You are more confused.
You're too confused to attack without stumbling around!
There is a strange disturbance nearby!
Something hits you!
You feel your power leaking away.
You're too confused to attack without stumbling around!
There is a strange disturbance nearby!
You hear some strange, mumbled words.
A magic dart appears from out of thin air!
The magic dart hits you.
You're too confused to attack without stumbling around!
There is a strange disturbance nearby!
You hear some strange, mumbled words.
A puff of flame appears from out of thin air!
The puff of flame hits you!
You're too confused to attack without stumbling around!
There is a strange disturbance nearby!
Something hits you.
You die...

#...<........(.
##......#..#...
#....###......
##.............
#..............
#.......#.###.#
#..........#
....#.......#####
..#.........@{..#
...........#.%....#
#.##.....###......
#. #...$.. ##)...
####... .#. .....
.. ##.... .


There were no monsters in sight!

Vanquished Creatures
  A necrophage (D:5)
  An orc priest (D:4)
  Terence (D:2)
  2 adders (D:4)
  4 orcs (D:4)
  3 endoplasms (D:3)
  3 giant cockroaches
  5 goblins
  3 hobgoblins
  4 jackals (D:4)
  5 quokkas
  7 ball pythons
  5 bats
  2 frilled lizards
  4 kobolds
  10 rats
60 creatures vanquished.

Notes
Turn   | Place    | Note
-------+----------+-------------------------------------------
     0 | D:1      | qw the Minotaur Fighter began the quest for the Orb.
     0 | D:1      | Reached XP level 1. HP: 19/19 MP: 0/0
     0 | D:1      | 0 ||| qw: Version: 0.1-a-103-gd6f5d3a
     0 | D:1      | 0 ||| qw: Game counter: 5765
     0 | D:1      | 0 ||| qw: Always use a shield: true
     0 | D:1      | 0 ||| qw: God list: Ru
     0 | D:1      | 0 ||| qw: Allow faded altars: false
     0 | D:1      | 0 ||| qw: Do Orc after D:15 true
     0 | D:1      | 0 ||| qw: Do second Lair branch before Depths: true
     0 | D:1      | 0 ||| qw: Lair rune preference: random
     0 | D:1      | 0 ||| qw: Plans: Normal
     0 | D:1      | 0 ||| PLANNING D:1-11
    77 | D:1      | Reached skill level 3 in Axes
   258 | D:1      | Reached XP level 2. HP: 16/26 MP: 1/1
   923 | D:1      | Found a faded altar of an unknown god.
   927 | D:1      | 927 ||| UPGRADING to amulet of reflection.
   932 | D:1      | 932 ||| UPGRADING to ring of poison resistance.
   933 | D:1      | 933 ||| READING scroll labelled VOTRA CAWIOT.
   934 | D:1      | 934 ||| READING scroll labelled CILISK TEOTUOTAHU.
   935 | D:1      | 935 ||| READING scroll labelled VOMMED TIAGG.
   936 | D:1      | 936 ||| DRINKING 2 cyan potions.
  1018 | D:2      | Noticed Terence
  1028 | D:2      | Killed Terence
  1029 | D:2      | Reached skill level 4 in Axes
  1029 | D:2      | Reached XP level 3. HP: 30/31 MP: 2/2
  1147 | D:2      | Found Wewycunu's Weapon Shop.
  1235 | D:2      | 1235 ||| DROPPING +0 club.
  1315 | D:2      | 1315 ||| Stepping ~*~*~tactically~*~*~ (stealth).
  1863 | D:2      | Reached skill level 5 in Axes
  1875 | D:2      | 1875 ||| READING scroll labelled FUABRI ANUNWE.
  1976 | D:2      | 1976 ||| READING 2 scrolls labelled WOQIUNGUFO.
  1977 | D:2      | 1977 ||| READING scroll of enchant weapon.
  1977 | D:2      | 1977 ||| ENCHANTING +1 war axe.
  2130 | D:3      | 2130 ||| Stepping ~*~*~tactically~*~*~ (stealth).
  2211 | D:3      | Found a sacrificial altar of Ru.
  2220 | D:3      | Became a worshipper of Ru the Awakened
  2233 | D:3      | Reached skill level 1 in Dodging
  2323 | D:3      | Found a runed translucent gate.
  2354 | D:3      | Found a runed translucent gate.
  2355 | D:3      | Found a runed translucent gate.
  2357 | D:3      | Noticed qw's ghost (weakling BaCK)
  2357 | D:3      | Noticed qw's ghost (amateur OgEn)
  2357 | D:3      | Noticed qw's ghost (amateur TrCA)
  2618 | D:3      | Reached XP level 4. HP: 39/39 MP: 3/3
  2727 | D:3      | 2727 ||| UPGRADING to +0 chain mail.
  2737 | D:3      | 2737 ||| DROPPING +0 scale mail.
  2738 | D:3      | 2738 ||| UPGRADING to +0 pair of boots.
  2743 | D:3      | 2743 ||| UPGRADING to ring of positive energy.
  2744 | D:3      | 2744 ||| READING scroll labelled KOPINN ZUTRAI.
  2745 | D:3      | 2745 ||| READING scroll labelled DEEPLO KEPIA.
  2746 | D:3      | 2746 ||| DRINKING 2 fuming golden potions.
  2747 | D:3      | 2747 ||| DRINKING 2 bubbling sapphire potions.
  2748 | D:3      | 2748 ||| READING 3 scrolls of identify.
  2748 | D:3      | 2748 ||| IDENTIFYING sedimented golden potion
  2749 | D:3      | 2749 ||| READING 2 scrolls of identify.
  2749 | D:3      | 2749 ||| IDENTIFYING murky pink potion
  2750 | D:3      | 2750 ||| DROPPING potion of ambrosia.
  2751 | D:3      | 2751 ||| DROPPING potion of invisibility.
  2752 | D:3      | 2752 ||| DROPPING potion of brilliance.
  2840 | D:4      | Found an opulent altar of Gozag.
  3248 | D:4      | 3248 ||| Stepping ~*~*~tactically~*~*~ (hiding).
  3252 | D:4      | 3252 ||| Stepping ~*~*~tactically~*~*~ (stealth).
  3258 | D:4      | Reached skill level 6 in Axes
  3294 | D:4      | 3294 ||| DROPPING +0 mace.
  3335 | D:4      | 3335 ||| INVOKING Reject Sacrifices.
  3490 | D:4      | Found a broken altar of Ashenzari.
  3491 | D:4      | 3491 ||| UPGRADING to +0 tower shield.
  3501 | D:4      | 3501 ||| DROPPING +0 buckler.
  3502 | D:4      | 3502 ||| DROPPING ring of wizardry.
  3503 | D:4      | 3503 ||| DROPPING ring of magical power.
  3504 | D:4      | 3504 ||| READING 4 scrolls labelled KYB PIJOTAMEFY.
  3505 | D:4      | 3505 ||| READING 4 scrolls of identify.
  3505 | D:4      | 3505 ||| IDENTIFYING fizzy grey potion
  3506 | D:4      | 3506 ||| READING 3 scrolls of identify.
  3506 | D:4      | 3506 ||| IDENTIFYING viscous clear potion
  3507 | D:4      | 3507 ||| READING 2 scrolls of identify.
  3507 | D:4      | 3507 ||| IDENTIFYING murky blue potion
  3508 | D:4      | 3508 ||| DROPPING 3 scrolls of fog.
  3509 | D:4      | 3509 ||| DROPPING potion of degeneration.
  3510 | D:4      | 3510 ||| DROPPING potion of lignification.
  3545 | D:5      | Entered Level 5 of the Dungeon
  3552 | D:5      | Noticed Sigmund
  3553 | D:5      | Noticed a necrophage
  3557 | D:5      | 3557 ||| DRINKING 2 potions of curing.
  3557 | D:5      | 3557 ||| (to cure confusion)
  3563 | D:5      | Killed a necrophage
  3564 | D:5      | Reached XP level 5. HP: 27/45 MP: 0/4
  3568 | D:5      | 3568 ||| DRINKING potion of curing.
  3568 | D:5      | 3568 ||| (to cure confusion)
  3574 | D:5      | HP: 11/45 [something (3)]
  3581 | D:5      | HP: 1/45 [something (6)]
  3585 | D:5      | 3585 ||| DRINKING potion of heal wounds.
  3593 | D:5      | HP: 10/45 [something/magic dart (6)]
  3594 | D:5      | HP: 1/45 [something/puff of flame (9)]
  3595 | D:5      | Slain by Sigmund

Levels and vault maps discovered:
D:1:      dpeg_arrival_subterranean_lakeside_camping, layout_basic,
          shapermc_ecumenical_altar_hornbeckon
D:2:      layout_basic, serial_shops, nicolae_shop_statue_plus,
          grunt_decor_junction, kennysheep_crisscross, minmay_cupped,
          uniq_terence
D:3:      layout_basic, nicolae_ru_path_of_blood, gammafunk_ghost_cemetery,
          uniq_crazy_yiuf_cottage
D:4:      layout_gridville, marbit_many_paths, nicolae_overflow_hidden_temple
D:5:      cheibrodos_iron_armory, layout_rooms,
          minmay_temple_entry_statues_pillars, uniq_sigmund

Skill      XL: |  1  2  3  4 |
---------------+-------------+-----
Axes           | 3 4 5 6 |  6.1
Dodging        | 1 |  1.0
Shields        | 4 |  4.7
Fighting       | |  3.6
Armour         | |  3.6

Action                   |  1- 3 |  4- 6 || total
-------------------------+-------+-------++-------
Melee: War axe           |    93 |    62 ||   155
       Headbutt          |    11 |     6 ||    17
Invok: Reject Sacrifices |       |     1 ||     1
  Use: Scroll            |     6 |     8 ||    14
       Potion            |     1 |     5 ||     6
Armor: Scale mail        |    22 |       ||    22
       Chain mail        |       |    24 ||    24
Dodge: Dodged            |    26 |     6 ||    32
Block: Buckler           |    23 |    12 ||    35
       Tower shield      |       |    13 ||    13

Table legend:
 A = Non-vault XP
 B = Vault XP
 C = Vault XP percentage of total XP
 D = Non-vault monster count
 E = Vault monster count
 F = Vault count percentage of total count
                 A         B        C        D         E       F
            +---------+---------+-------+---------+---------+-------
      Total |     233 |      50 |  17.7 |      48 |      12 |  20.0
            +---------+---------+-------+---------+---------+-------
        D:1 |      15 |       8 |  34.8 |      11 |       6 |  35.3
        D:2 |      16 |      40 |  71.4 |      10 |       5 |  33.3
        D:3 |      19 |       0 |   0.0 |      12 |       0 |   0.0
        D:4 |      95 |       2 |   2.1 |      14 |       1 |   6.7
        D:5 |      88 |       0 |   0.0 |       1 |       0 |   0.0
            +---------+---------+-------+---------+---------+-------
